 Dungeon Crawl Stone Soup version 0.31-a0-544-gceb718ecc6 (webtiles) character file.

Game seed: 1718697999182694377

1364 Shayle the Trooper (level 8, -3/130 HPs)
             Began as an Ogre Shapeshifter on Aug 15, 2023.
             Slain by a vault guard
             ... wielding a +0 broad axe
              (13 damage)
             ... in a bailey.
             The game lasted 00:13:40 (6601 turns).

Shayle the Trooper (Ogre Shapeshifter)              Turns: 6601, Time: 00:13:41

Health: -3/130     AC:  3    Str: 17 (20) XL:     8   Next: 64%
Magic:  16/16      EV:  9    Int: 16 (17) God:
Gold:   440        SH:  0    Dex:  8 (9)  Spells: 13/18 levels left

rFire   . .          .
                       - Unarmed
rCold   . . .        (no shield)
rNeg    . . .        a - +0 animal skin
rPois   .            (helmet currently unavailable)
rElec   .            (cloak currently unavailable)
rCorr   .            (gloves unavailable)
SInv    .            (boots unavailable)
Will    .....        s - amulet of the acrobat Stlth
                     j - +6 ring of intelligence
HPRegen 0.41/turn    (no ring)
MPRegen 0.15/turn

%: acrobat
@: brilliant, berserking, beast-form, hasted, very quick
A: beast (slay +2), large, unfitting armour, tough skin 1
a: Begin Untransformation


You were in a bailey.
You were a hulking beast.
You visited 1 branch of the dungeon, and saw 8 of its levels.
You also visited: Bailey.

You collected 440 gold pieces.

Inventory:

Hand Weapons
 w - a +1 heavy hand axe
Armour
 a - a +0 animal skin (worn)
 t - a +0 cloak
Jewellery
 j - a +6 ring of intelligence (left hand)
 s - an amulet of the acrobat (around neck)
 v - a ring of magical power
Talismans
 c - a beast talisman (active)
 d - a flux talisman
Scrolls
 f - a scroll of fear {unknown}
 g - 9 scrolls of identify {unknown}
 h - a scroll of enchant weapon {unknown}
 i - 2 scrolls of teleportation {unknown}
 k - a scroll of brand weapon {unknown}
 n - a scroll of vulnerability {unknown}
 o - a scroll of fog {unknown}
 u - a scroll of immolation {unknown}
Potions
 b - a potion of lignification
 m - 2 potions of magic
 p - 3 potions of haste
 q - a potion of brilliance


   Skills:
 + Level 7.0 Fighting
 - Level 1.7 Dodging
 + Level 5.5 Unarmed Combat
 + Level 5.5 Spellcasting
 + Level 2.6 Necromancy
 + Level 2.7 Earth Magic
 - Level 3.0 Shapeshifting


You had 13 spell levels left.
You knew the following spells:

 Your Spells              Type           Power      Damage    Failure   Level
a - Borgnjor's Vile Clut  Necr/Erth      9%         N/A       78%         5

Your spell library contained the following spells:

 Spells                   Type           Power      Damage    Failure   Level
 Lesser Beckoning         Tloc           12%        N/A       22%         2
 Wereblood                Tmut           6%         N/A       22%         2
 Gell's Gravitas          Tloc           6%         N/A       41%         3
 Teleport Other           Tloc           6%         N/A       41%         3
 Alistair's Intoxication  Tmut/Pois      4%         N/A       99%         5
 Irradiate                Conj/Tmut      3%         3d12      99%         5
 Eringya's Noxious Bog    Tmut/Pois      3%         4d6       100%        6


Dungeon Overview and Level Annotations

Branches:
Dungeon (9/15)             Bailey (1/1)
 Temple: D:4-7         Lair: D:8-11         Orc: D:9-12

Altars:
Qazlal
Ru
Sif Muna
Wu Jian

Shops:
D:1 (


Innate Abilities, Weirdness & Mutations

You are a hulking beast.
Your limbs bulge with bestial killing power. (Slay +2)
You are too large for most types of armour.
You have tough skin. (AC +1)


Message History

The bullfrog hits you but does no damage.
It was a potion of berserk rage.
A red film seems to cover your vision as you go berserk!
You feel yourself moving faster!
You feel mighty! The bullfrog completely misses you.
You punch the bullfrog!
The bullfrog is moderately wounded.
The bullfrog hits you.
* * * LOW HITPOINT WARNING * * *
You hit the bullfrog.
The bullfrog is severely wounded.
The bullfrog barely misses you.
You barely miss the bullfrog.
The bullfrog is severely wounded.
The bullfrog barely misses you.
You hit the bullfrog.
The bullfrog is severely wounded.
The hobgoblin hits you with a +0 hand axe.
* * * LOW HITPOINT WARNING * * *
You hit the vault guard.
The vault guard is lightly wounded.
You hit the vault guard.
The vault guard is lightly wounded.
The hobgoblin completely misses you.
You closely miss the vault guard.
The vault guard is lightly wounded.
The vault guard hits you with a +0 broad axe!
* * * LOW HITPOINT WARNING * * *
You hit the vault guard.
The vault guard is lightly wounded.
The hobgoblin hits you with a +0 hand axe!
* * * LOW HITPOINT WARNING * * *
You hit the vault guard.
The vault guard is moderately wounded.
You hear a croak.
The vault guard closely misses you. The hobgoblin closely misses you.
You punch the vault guard!
The vault guard is moderately wounded.
The vault guard hits you with a +0 broad axe!
You die...

#≈F.~≈ #≈~.≈
~..≈#### ~..
#..+
###'###..##
#.....#...#
#..g..#...#
#.p####...#
#..†F#h.))#
##..Fpg.#'#+#
##....##÷[.##
######[....#
#.∩.∩.#
#.....#
##...## #####


You could see a vault guard, Prince Ribbit and a hobgoblin.

Vanquished Creatures
  2 humans (Bailey)
  An ice beast (D:6)
  2 phantoms (D:4)
  4 bullfrogs (Bailey)
  A scorpion (D:5)
  A howler monkey (D:5)
  A hound (D:4)
  2 jellies (D:5)
  3 orc priests
  An iguana (D:5)
  2 orc wizards
  5 adders
  5 gnolls
  3 ufetubi
  6 worms
  3 dart slugs
  21 orcs
  3 ball pythons
  7 bats
  7 endoplasms
  4 giant cockroaches
  7 goblins
  10 hobgoblins
  5 jackals (D:2)
  6 kobolds
  4 quokkas
  5 frilled lizards
  6 rats
127 creatures vanquished.

Vanquished Creatures (others)
  A centaur (D:5)
1 creature vanquished.

Grand Total: 128 creatures vanquished

Notes
Turn   | Place    | Note
-------+----------+-------------------------------------------
     0 | D:1      | Shayle the Ogre Shapeshifter began the quest for the Orb.
     0 | D:1      | Reached XP level 1. HP: 19/19 MP: 1/1
   115 | D:1      | Found Usolotoc's Weapon Boutique.
   183 | D:1      | Reached XP level 2. HP: 28/28 MP: 1/3
   252 | D:1      | Reached skill level 2 in Fighting
   255 | D:1      | Reached skill level 1 in Spellcasting
   326 | D:1      | Found Wiggev's Distillery.
   922 | D:2      | Reached XP level 3. HP: 30/36 MP: 5/5
  1316 | D:2      | Reached skill level 3 in Fighting
  1379 | D:2      | Reached XP level 4. HP: 41/45 MP: 5/7
  2131 | D:3      | Reached XP level 5. HP: 34/54 MP: 7/9
  2237 | D:3      | Found a shimmering blue altar of Sif Muna.
  2303 | D:3      | Reached skill level 4 in Fighting
  2984 | D:3      | Found a stormy altar of Qazlal.
  3450 | D:4      | Reached XP level 6. HP: 48/63 MP: 9/11
  3910 | D:4      | Reached skill level 5 in Fighting
  4282 | D:4      | Reached XP level 7. HP: 35/72 MP: 13/13
  4808 | D:5      | Entered Level 5 of the Dungeon
  4853 | D:5      | Learned a level 5 spell: Borgnjor's Vile Clutch
  5258 | D:5      | Reached skill level 1 in Earth Magic
  5447 | D:5      | Found an ornate altar of the Wu Jian Council.
  5463 | D:5      | Found a sacrificial altar of Ru.
  5533 | D:5      | Reached skill level 1 in Necromancy
  5659 | D:5      | Reached skill level 6 in Fighting
  6127 | D:6      | Reached skill level 5 in Unarmed Combat
  6127 | D:6      | You fall into a shaft and drop 2 floors!
  6137 | D:9      | Found a flagged portal.
  6158 | Bailey   | Entered a bailey
  6161 | Bailey   | Noticed a human
  6178 | Bailey   | HP: 2/75 [human/+0 war axe (12)]
  6179 | Bailey   | Killed a human
  6180 | Bailey   | Reached skill level 5 in Spellcasting
  6180 | Bailey   | Reached XP level 8. HP: 3/84 MP: 15/15
  6187 | Bailey   | HP: 2/84 [hobgoblin/+0 hand axe (2)]
  6579 | Bailey   | Reached skill level 7 in Fighting
  6583 | Bailey   | Noticed a vault guard
  6601 | Bailey   | Slain by a vault guard

Illustrated notes

Levels and vault maps discovered:
D:1:      scummos_arrival_gate, layout_basic, serial_shops, shop,
          nicolae_shop_behind_doors
D:2:      layout_loops_corners, minmay_pentomino_t4
D:3:      minmay_recursive_quarters, layout_basic,
          nicolae_qazlal_general_emergency, nicolae_sif_muna_little_library,
          dk_vineyard_2, grunt_ministairs_11, kennysheep_orc_chapel
D:4:      layout_basic, kennysheep_windowed_goal
D:5:      layout_basic, mainiacjoe_overflow_large_starburst,
          lemuel_flamethrower_2
D:6:      gammafunk_wand_slinger, layout_rooms,
          nicolae_gozag_cash_rules_everything_around_me,
          minmay_temple_entry_offerings, portal_sewer_entry_d, uniq_maggie,
          uniq_grinder
D:8:      layout_basic, lemuel_round_altar, serial_rivers,
          chequers_serial_rivers_micro_c, chequers_serial_rivers_room_b,
          chequers_serial_rivers_room_a, chequers_serial_rivers_small_3,
          chequers_serial_rivers_large_a
D:9:      layout_long_grid, lemuel_round_altar,
          mainiacjoe_overflow_cross_hatched, enter_bailey_5,
          hangedman_corner_corridor
Bailey:   bailey_axe_froggy_fort_hellmonk, bailey

Skill      XL: |  1  2  3  4  5  6  7  8 |
---------------+-------------------------+-----
Fighting       | 2 3 4 5 6 7 |  7.0
Spellcasting   | 1 2 3 4 5 |  5.5
Unarmed Combat | 3 4 5 |  5.5
Earth Magic    | 2 |  2.7
Necromancy     | 1 2 |  2.6
Dodging        | |  1.7
Shapeshifting  | |  3.0

Action                     |  1- 3 |  4- 6 |  7- 9 || total
---------------------------+-------+-------+-------++-------
  Melee: Unarmed           |    91 |   210 |   206 ||   507
         Punch             |     3 |     6 |     5 ||    14
    Use: Potion            |     2 |     3 |     8 ||    13
   Stab: Sleeping          |     1 |       |       ||     1
 Armour: Animal skin       |    27 |    49 |    30 ||   106
         Skin              |       |       |    13 ||    13
  Dodge: Dodged            |    35 |    88 |   100 ||   223

Table legend: (Time is in decaauts)
 A = Elapsed time spent in this place.
 B = Non-inter-level travel time spent in this place.
 C = Inter-level travel time spent in this place.
 D = Time resting spent in this place.
 E = Time spent auto-exploring this place.
 F = Levels seen in this place.
 G = Mean time per level.
                   A        B        C        D        E       F      G
               +--------+--------+--------+--------+--------+-----+--------+
         Total |   6555 |   6402 |    153 |   1303 |   3802 |   9 |  728.3 |
       Dungeon |   6123 |   5970 |    153 |    972 |   3802 |   8 |  765.4 |
        Bailey |    431 |    431 |      0 |    331 |      0 |   1 |  431.0 |
               +--------+--------+--------+--------+--------+-----+--------+

Top non-repeatable levels by time:
     D:3: 1452 daAuts
     D:4: 1399 daAuts
     D:5: 1298 daAuts
     D:2: 1053 daAuts
     D:1: 879 daAuts
  Bailey: 431 daAuts
     D:9: 24 daAuts
     D:6: 10 daAuts
     D:8: 5 daAuts
